 Dungeon Crawl Stone Soup version 0.20-a0-947-g2784f4f (webtiles) character file.

417 MatthieuS the Slasher (level 6, -1/51 HPs)
             Began as a Hill Orc Fighter on Apr 2, 2017.
             Was a Follower of Okawaru.
             Slain by Menkaure (15 damage)
             ... on level 5 of the Dungeon.
             The game lasted 00:10:34 (3888 turns).

MatthieuS the Slasher (Hill Orc Fighter)            Turns: 3888, Time: 00:10:34

Health: -1/51      AC: 11    Str: 21    XL:     6   Next: 93%
Magic:  0/6        EV:  5    Int:  8    God:    Okawaru [*.....]
Gold:   163        SH:  9    Dex: 10    Spells: 5/5 levels left

rFire    . . .     SeeInvis .   a - +0 scimitar
rCold    . . .     Gourm    .   c - +0 shield
rNeg     . . .     Faith    .   h - +0 chain mail
rPois    .         Spirit   +   (no helmet)
rElec    .         Reflect  .   i - +1 cloak
rCorr    .         Harm     .   (no gloves)
MR       .....                  (no boots)
Stlth    ..........             q - amulet of guardian spirit
Regen    0.2/turn               (no ring)
MPRegen  0.1/turn               (no ring)

@: no status effects
A: no striking features
a: Heroism, Renounce Religion


You were on level 5 of the Dungeon.
You worshipped Okawaru.
Okawaru was aware of your devotion.
You were not hungry.

You visited 1 branch of the dungeon, and saw 5 of its levels.

You collected 163 gold pieces.

Inventory:

Hand Weapons
 a - a +0 scimitar (weapon)
Missiles
 m - 97 stones (quivered)
Armour
 c - a +0 shield (worn)
 h - a +0 chain mail (worn)
 i - a +1 cloak (worn)
Jewellery
 q - an amulet of guardian spirit (around neck)
Scrolls
 d - 3 scrolls of random uselessness {unknown}
 e - a scroll of magic mapping {unknown}
 g - a scroll of remove curse {unknown}
 j - 4 scrolls of identify {unknown}
 n - 2 scrolls of teleportation {unknown}
 o - a scroll of blinking {unknown}
 p - a scroll of enchant armour {unknown}
 s - a scroll of immolation {unknown}
 v - 2 scrolls of recharging {unknown}
Potions
 l - 2 potions of curing {unknown}
 t - a potion of heal wounds {unknown}
 u - a potion of ambrosia {unknown}
Comestibles
 b - 3 royal jellies
 f - 2 bread rations
 k - 3 fruits
 r - 7 chunks of flesh


   Skills:
 - Level 3.6 Fighting
 + Level 7.9 Long Blades
 - Level 3.2 Armour
 - Level 3.2 Shields


You had 5 spell levels left.
You didn't know any spells.

Dungeon Overview and Level Annotations

Branches:
Dungeon (5/15)
 Temple: D:4-7

Altars:
Dithmenos
Okawaru
Xom
The Shining One

Annotations:
D:5 Menkaure


Message History

There is an open door here.
A centaur and Menkaure come into view.
The centaur shouts!
The centaur wields a shortbow.
The centaur shoots an arrow.
The arrow barely misses you.
You see here an arrow.
Menkaure casts a spell.
Menkaure seems to speed up.
The centaur shoots an arrow.
The arrow hits you!
There is an open door here.
You see here an arrow.
The centaur shoots an arrow.
The arrow hits you. You block Menkaure's attack.
Menkaure calls on the powers of darkness!
The centaur convulses!
Your body is wracked with pain!
Your shield and chain mail prevent you from hitting Menkaure.
The centaur shoots an arrow.
The arrow hits you. Menkaure barely misses you.
The centaur shoots an arrow.
The arrow hits you!
* * * LOW HITPOINT WARNING * * *
You fail to use your ability.
Menkaure hits you!
You die...

##########
#........#
#........#
#........#
#........#
#....c...#
#....M...#
#######.(##@..#
##...#....#######
#.........(.....###+
#.........#.(...M...
#.........#.....c...
#.........#.........
#.........#...c.....
#######..###...##...
#..###..######## ##


You could see Menkaure and a centaur.

Vanquished Creatures
  2 howler monkeys
  A bullfrog skeleton (D:4)
  A centaur zombie (D:4)
  Jessica (D:3)
  3 orc wizards
  A worker ant (D:4)
  A worker ant zombie (D:5)
  A gnoll (D:3)
  4 adders
  2 oozes (D:3)
  An adder skeleton (D:5)
  3 dart slugs
  4 leopard geckos
  9 orcs
  7 giant cockroaches
  4 goblins
  5 hobgoblins
  3 jackals (D:4)
  3 quokkas
  A ball python (D:3)
  4 bats
  2 frilled lizards
  9 kobolds
  7 rats
79 creatures vanquished.

Notes
Turn   | Place    | Note
-------+----------+-------------------------------------------
     0 | D:1      | MatthieuS the Hill Orc Fighter began the quest for the Orb.
     0 | D:1      | Reached XP level 1. HP: 19/19 MP: 1/1
    57 | D:1      | Reached skill level 3 in Long Blades
    57 | D:1      | Reached XP level 2. HP: 6/26 MP: 2/2
   427 | D:1      | Found a shimmering altar of Xom.
   900 | D:2      | Reached XP level 3. HP: 27/31 MP: 3/3
  1059 | D:2      | Reached skill level 4 in Long Blades
  1259 | D:2      | HP: 1/31 [poisoned by an adder]
  1652 | D:3      | Found a shadowy altar of Dithmenos.
  1765 | D:3      | Reached XP level 4. HP: 34/39 MP: 4/4
  1771 | D:3      | Reached skill level 5 in Long Blades
  1957 | D:3      | Noticed Jessica
  1966 | D:3      | Killed Jessica
  2015 | D:3      | Reached XP level 5. HP: 44/45 MP: 5/5
  2313 | D:3      | Found an iron altar of Okawaru.
  2324 | D:3      | Became a worshipper of Warmaster Okawaru
  2615 | D:3      | Reached skill level 6 in Long Blades
  2749 | D:4      | Reached XP level 6. HP: 20/51 MP: 4/6
  3043 | D:4      | Reached skill level 7 in Long Blades
  3499 | D:4      | Found a glowing golden altar of the Shining One.
  3591 | D:5      | Entered Level 5 of the Dungeon
  3653 | D:5      | Reached * piety under Okawaru
  3873 | D:5      | Noticed Menkaure
  3888 | D:5      | Slain by Menkaure

Vault maps used:
D:1:      grunt_arrival_crossed_arrows, xom_teletrap_fun
D:2:      first_bread
D:3:      old_standard_altar, nicolae_overflow_crystal_walls,
          due_unseen_surprise, uniq_jessica
D:4:      nicolae_tso_swordbearing_angel
D:5:      lemuel_crystal_altar, fiery_altar_vehumet, kennysheep_generic_room_14,
          uniq_menkaure

Skill      XL: |  1  2  3  4  5  6 |
---------------+-------------------+-----
Long Blades    | 3 4 5 6 7 |  7.9
Fighting       | |  3.6
Armour         | |  3.2
Shields        | |  3.2

Action                   |  1- 3 |  4- 6 || total
-------------------------+-------+-------++-------
Melee: Long sword        |   145 |   125 ||   270
       Scimitar          |       |    55 ||    55
Throw: Stone             |       |     5 ||     5
  Use: Potion            |     3 |     1 ||     4
  Eat: Chunk             |     1 |     5 ||     6
       Bread ration      |     1 |       ||     1
Armor: Scale mail        |    45 |       ||    45
       Chain mail        |    18 |   108 ||   126
Dodge: Dodged            |    61 |    31 ||    92
Block: Shield            |    74 |    82 ||   156
       Rpst.: Long sword |    23 |     7 ||    30
       Scimitar          |       |     5 ||     5
